 Dungeon Crawl Stone Soup version 0.27-a0-705-ga0013940fb (webtiles) character file.

Game seed: 2358068559371325173

24145 robertstho the Cleaver (level 12, -1/113 HPs)
             Began as a Minotaur Berserker on Mar 22, 2021.
             Was a High Priest of Trog.
             Slain by a cane toad (4 damage)
             ... on level 3 of the Lair of Beasts.
             The game lasted 00:17:42 (14775 turns).

robertstho the Cleaver (Minotaur Berserker)        Turns: 14775, Time: 00:17:44

Health: -1/113     AC: 23    Str: 24    XL:     12   Next: 78%
Magic:  11/11      EV: 10    Int:  5    God:    Trog [*****.]
Gold:   956        SH:  0    Dex: 12    Spells: 11/11 levels left

rFire    . . .     SeeInvis .   E - +6 executioner's axe (flame)
rCold    . . .     Faith    .   (shield currently unavailable)
rNeg     . . .     Spirit   .   t - +0 plate armour
rPois    .         Reflect  .   f - +2 hat
rElec    .         Harm     .   z - +0 cloak
rCorr    .         Rampage  .   (no gloves)
Will     ++...                  (no boots)
Stlth    ..........             (no amulet)
HPRegen  1.28/turn              k - +4 ring of protection
MPRegen  0.12/turn              F - +4 ring of slaying

@: lethally poisoned (-1 -> -15), berserk cooldown, regenerating
A: horns 2, retaliatory headbutt
a: Renounce Religion, Berserk, Trog's Hand, Brothers in Arms


You were on level 3 of the Lair of Beasts.
You worshipped Trog.
Trog was extremely pleased with you.
You visited 2 branches of the dungeon, and saw 13 of its levels.

You collected 956 gold pieces.

Inventory:

Hand Weapons
 r - a +0 war axe
 E - a +6 executioner's axe of flaming (weapon)
Armour
 f - a +2 hat (worn)
 t - a +0 plate armour (worn)
 z - a +0 cloak (worn)
 C - a +0 kite shield
Jewellery
 d - a ring of willpower
 k - a +4 ring of protection (right hand)
 l - a ring of ice
 o - a ring of ice
 p - a ring of willpower
 A - a +6 ring of strength
 F - a +4 ring of slaying (left hand)
 G - a +6 ring of strength
 H - an amulet of magic regeneration
 K - a ring of resist corrosion
 L - a ring of fire
Wands
 u - a wand of paralysis (21)
 y - a wand of iceblast (6)
 I - a wand of flame (13)
Scrolls
 h - 5 scrolls of teleportation
 q - a scroll of enchant armour
 B - a scroll of blinking
Potions
 a - 2 potions of magic
 b - a potion of lignification
 c - 5 potions of haste
 e - 4 potions of mutation
 i - a potion of brilliance {unknown}
 j - 3 potions of heal wounds {unknown}
 m - 3 potions of ambrosia {unknown}
 n - 2 potions of flight {unknown}
 v - 3 potions of cancellation
Miscellaneous
 D - a tin of tremorstones (2/2)


   Skills:
 * Level 12.7 Fighting
 + Level 14.9 Axes
 * Level 13.0 Armour
 * Level 9.5 Dodging
 + Level 1.9 Stealth
 + Level 2.6 Shields
 + Level 0.5 Evocations


You had 11 spell levels left.
You didn't know any spells.
Your spell library was empty.

Dungeon Overview and Level Annotations

Branches:
Dungeon (10/15)            Temple (0/1) D:6            Lair (3/6) D:10
 Shoals (0/4) Lair:2        Snake (0/4) Lair:3
    Orc: D:9-12

Altars:
Cheibriados
Dithmenos
Elyvilon
Gozag
Kikubaaqudgha
Makhleb
Ru
Uskayaw
Wu Jian


Innate Abilities, Weirdness & Mutations

You have a pair of horns on your head.
You reflexively headbutt those who attack you in melee.


Message History

Found a scroll of teleportation.
A cane toad comes into view.
You feel sick.
The cane toad croaks.
You see here a +0 hand axe.
You feel sick.
You feel sick.
You feel sick. The cane toad stings you!
* * * LOW HITPOINT WARNING * * *
You are more poisoned.
The cane toad poisons you!
Your skin crawls.
You feel strong-willed.
You feel very sick. The cane toad stings you!
* * * LOW HITPOINT WARNING * * *
You are lethally poisoned!
The cane toad poisons you! The cane toad barely misses you.
You feel better.
You feel yourself speed up. The cane toad barely misses you.
The cane toad closely misses you.
You feel better. The cane toad stings you.
* * * LOW HITPOINT WARNING * * *
You are poisoned.
The cane toad poisons you!
You closely miss the cane toad.
You feel sick. The cane toad barely misses you. x2
You closely miss the cane toad. You headbutt the cane toad.
The cane toad is lightly wounded.
You feel sick. The cane toad stings you!
* * * LOW HITPOINT WARNING * * *
You are more poisoned.
The cane toad poisons you!
You slice the cane toad!! You burn the cane toad!
The cane toad is almost dead.
You feel very sick. The cane toad stings you!
* * * LOW HITPOINT WARNING * * *
You are more poisoned.
The cane toad poisons you! The cane toad stings you.
You die...

#.........# *,,*,** #.......†.#
*,,,,,* #........## **,<,*,
*.........## *,,,,,* *
****..P.....#.# **,,,,*
******,*,.PP#.P#).## **,+*,*
,,,,,,,,,..≈≈≈≈#..# ***,,,,,*
,,,,,,,,,..#≈≈≈#.## ***,,,,,,,,
,,,,,,,,,..#≈≈≈F@# **,,,,**,**,
,,,,,,,,,...≈≈≈#.#****,,*,*,,,,**
,,,,,,>,,..####..#,**,,*,,,,,,,,,
,,,,,,,,,.....?...,,*,,,,,,*,,,*,
,,,,,,,,,.........*,+,,*,,,,,>,,,
,,,,,,,,,........#.*,,,*,,,*,,,*,
,,,,,,,,,.........#**,,,,,,,,,,,,
,,,,,,,,,.........* **,,,,**,,,,*
,,,,,,,,,,,,,,,,,*** **,,,,*,*,,,


You could see a cane toad.

Vanquished Creatures
  Fannar (Lair:3)
  3 hydras
  A tengu warrior (D:9)
  Sonja (D:10)
  3 oklob plants (Lair:2)
  Maurice (D:10)
  A merfolk siren (Lair:2)
  6 elephants (Lair:2)
  A black mamba (Lair:2)
  8 cane toads
  Psyche (D:8)
  2 komodo dragons (Lair:2)
  2 trolls
  8 blink frogs (Lair:2)
  3 wyverns
  6 spriggans (D:9)
  2 basilisks
  11 yaks
  7 water moccasins
  Duvessa (D:7)
  A black bear (Lair:1)
  2 sky beasts
  A necrophage (D:7)
  8 ice beasts
  5 ogres
  4 centaurs
  A phantom (D:10)
  10 wolves
  A kobold brigand (D:10)
  13 bullfrogs
  3 gnoll sergeants
  2 scorpions
  A wyvern skeleton (D:10)
  Dowan (D:7)
  4 killer bees (D:8)
  3 wights (D:10)
  3 electric eels (D:9)
  A centaur zombie (D:9)
  7 howler monkeys
  2 bullfrog zombies
  4 hounds
  3 orc priests
  4 jellies
  A bullfrog skeleton (D:4)
  2 centaur skeletons
  6 iguanas
  4 orc wizards
  13 worker ants
  Natasha (twice) (D:3)
  A mummy (D:8)
  A hound skeleton (D:8)
  A howler monkey skeleton (D:10)
  10 adders
  14 gnolls
  A shadow imp (D:5)
  2 white imps
  5 ufetubi
  2 adder skeletons (D:4)
  3 worms
  2 dart slugs
  11 orcs
  3 giant cockroaches
  7 goblins
  7 hobgoblins
  15 jackals
  10 oozes
  19 quokkas
  7 ball pythons
  7 bats
  2 frilled lizards
  7 kobolds
  A quokka skeleton (D:7)
  5 rats
324 creatures vanquished.

Vanquished Creatures (collateral kills)
  A two-headed ogre (D:10)
  2 yaks (D:10)
  3 basilisks (D:10)
  A water moccasin (D:10)
  A scorpion (D:10)
8 creatures vanquished.

Vanquished Creatures (others)
  A human (D:2)
  15 fungi
  25 plants
  4 toadstools (D:1)
45 creatures vanquished.

Grand Total: 377 creatures vanquished

Notes
Turn   | Place    | Note
-------+----------+-------------------------------------------
     0 | D:1      | robertstho the Minotaur Berserker began the quest for the
                  | Orb.
     0 | D:1      | Reached XP level 1. HP: 19/19 MP: 0/0
   181 | D:1      | Reached XP level 2. HP: 20/27 MP: 1/1
   559 | D:1      | Reached skill level 4 in Axes
   651 | D:1      | Reached ** piety under Trog
   765 | D:2      | Reached XP level 3. HP: 31/34 MP: 2/2
   870 | D:2      | Found a shadowy altar of Dithmenos.
   968 | D:2      | Found a faded altar of an unknown god.
  1252 | D:2      | Found an ancient bone altar of Kikubaaqudgha.
  1253 | D:2      | Noticed a human
  1257 | D:2      | Killed a human
  1413 | D:2      | Reached XP level 4. HP: 29/41 MP: 3/3
  1516 | D:2      | Found an ornate altar of the Wu Jian Council.
  1703 | D:3      | Noticed Natasha
  1709 | D:3      | Killed Natasha
  1754 | D:3      | Reached skill level 5 in Axes
  1937 | D:3      | Noticed Natasha
  1938 | D:3      | Reached XP level 5. HP: 38/47 MP: 4/4
  1944 | D:3      | Killed Natasha
  2393 | D:4      | Reached *** piety under Trog
  2394 | D:4      | Reached skill level 5 in Fighting
  2405 | D:4      | Reached XP level 6. HP: 56/56 MP: 5/5
  2413 | D:4      | Reached skill level 6 in Axes
  2557 | D:4      | Found a snail-covered altar of Cheibriados.
  2560 | D:4      | Found a hide-covered altar of Uskayaw.
  2622 | D:4      | Found a burning altar of Makhleb.
  3112 | D:4      | Found a sacrificial altar of Ru.
  3114 | D:4      | Found an opulent altar of Gozag.
  3126 | D:5      | Entered Level 5 of the Dungeon
  3173 | D:5      | Noticed a water moccasin
  3181 | D:5      | Killed a water moccasin
  3553 | D:5      | Noticed an ice beast
  3562 | D:5      | Killed an ice beast
  3563 | D:5      | Reached skill level 5 in Armour
  3563 | D:5      | Reached XP level 7. HP: 43/62 MP: 6/6
  4167 | D:6      | Found a staircase to the Ecumenical Temple.
  4248 | D:6      | Reached skill level 7 in Axes
  4892 | D:6      | Reached XP level 8. HP: 70/70 MP: 7/7
  5074 | D:6      | Reached **** piety under Trog
  5186 | D:7      | Reached skill level 8 in Axes
  5192 | D:7      | Reached skill level 1 in Stealth
  5548 | D:7      | Found a white marble altar of Elyvilon.
  5728 | D:7      | Noticed Dowan
  5730 | D:7      | Noticed Duvessa
  5741 | D:7      | Killed Dowan
  5751 | D:7      | Killed Duvessa
  5937 | D:7      | Reached skill level 9 in Axes
  6007 | D:7      | Noticed a troll
  6019 | D:7      | Killed a troll
  6020 | D:7      | Reached skill level 5 in Dodging
  6020 | D:7      | Reached XP level 9. HP: 30/79 MP: 8/8
  7145 | D:8      | Reached ***** piety under Trog
  7850 | D:8      | Noticed Psyche
  7861 | D:8      | Killed Psyche
  7862 | D:8      | Reached skill level 10 in Axes
  8639 | D:9      | Reached XP level 10. HP: 79/90 MP: 9/9
  8993 | D:9      | Reached skill level 10 in Armour
  9211 | D:9      | Noticed a tengu warrior
  9233 | D:9      | Killed a tengu warrior
  9234 | D:9      | Reached skill level 11 in Axes
  9234 | D:9      | Reached skill level 1 in Shields
  9462 | D:9      | Received a gift from Trog
  9910 | D:10     | Entered Level 10 of the Dungeon
  9912 | D:10     | Noticed a centaur warrior
  9945 | D:10     | Noticed a two-headed ogre
  9948 | D:10     | Killed a two-headed ogre
  9949 | D:10     | Reached skill level 10 in Fighting
  9949 | D:10     | Reached XP level 11. HP: 80/99 MP: 10/10
  9950 | D:10     | Found a staircase to the Lair.
 10113 | D:10     | Noticed Sonja
 10127 | D:10     | Killed Sonja
 10128 | D:10     | Reached skill level 12 in Axes
 10446 | D:10     | Noticed a two-headed ogre
 10461 | D:10     | Noticed a purple ugly thing
 10635 | D:10     | Noticed Maurice
 10653 | D:10     | Killed Maurice
 11025 | Lair:1   | Entered Level 1 of the Lair of Beasts
 11053 | Lair:1   | Identified the +8 spear "Woejyog" {holy, rN+}
 11269 | Lair:1   | Noticed a five-headed hydra
 11272 | Lair:1   | Killed a three-headed hydra
 11835 | Lair:1   | Reached skill level 13 in Axes
 12170 | Lair:2   | Noticed a five-headed hydra
 12183 | Lair:2   | Killed a one-headed hydra
 12636 | Lair:2   | Reached XP level 12. HP: 98/110 MP: 11/11
 13151 | Lair:2   | Reached skill level 14 in Axes
 13260 | Lair:2   | Found a staircase to the Shoals.
 14476 | Lair:2   | Noticed a seven-headed hydra
 14484 | Lair:2   | Killed a four-headed hydra
 14730 | Lair:3   | Noticed Fannar
 14741 | Lair:3   | Killed Fannar
 14775 | Lair:3   | HP: 3/113 [cane toad (8)]
 14775 | Lair:3   | Slain by a cane toad

Illustrated notes

Levels and vault maps discovered:
D:1:      ldierk_water_garden, layout_rooms
D:2:      layout_loops_ring, old_standard_altar, old_standard_altar,
          chequers_ecumenical_altar_island, minmay_misc_feat_more_columns,
          tgw_kikubaaqudgha
D:3:      layout_rooms, uniq_natasha
D:4:      layout_rooms, nicolae_overflow_hidden_temple,
          chequers_temple_overflow_statue_of_worship, minmay_circle_x
D:5:      layout_loops_ring
D:6:      layout_basic, minmay_temple_entry_tees
D:7:      layout_layer_cave, elyvilon_altar_5, uniq_duvessa
D:8:      layout_loops_ring, gup_ossuary_entry_pyramid, uniq_psyche
D:9:      kb_forest_paths, layout_basic
D:10:     layout_gridville, minmay_lair_entry_grove, minivault_12, uniq_maurice,
          uniq_sonja
Lair:1:   layout_roguey, lemuel_fruit_fields
Lair:2:   layout_small_grid, minmay_shoals_entry_lonely_mermaid,
          minmay_lair_oklob_chamber
Lair:3:   layout_gridlike, dummy_snake_entry, portal_ice_cave_entry_ice_beasts,
          grunt_megastairs_2, uniq_fannar, uniq_urug

Skill      XL: |  1  2  3  4  5  6  7  8  9 10 11 12 |
---------------+-------------------------------------+-----
Fighting       | 4 5 6 7 8 10 11 12 | 12.7
Axes           | 4 5 6 7 9 10 11 13 14 | 14.9
Armour         | 3 5 6 8 9 11 12 13 | 13.0
Dodging        | 3 4 5 6 7 8 9 |  9.5
Stealth        | 1 |  1.9
Shields        | 2 |  2.6
Evocations     | |  0.5

Action                   |  1- 3 |  4- 6 |  7- 9 | 10-12 || total
-------------------------+-------+-------+-------+-------++-------
Melee: Hand axe          |    87 |   129 |       |       ||   216
       Headbutt          |    13 |    14 |    60 |    45 ||   132
       War axe           |       |    12 |   274 |    95 ||   381
       Executioner's axe |       |       |       |   237 ||   237
       Battleaxe         |       |       |       |    15 ||    15
Invok: Berserk           |       |     3 |     6 |    10 ||    19
       Trog's Hand       |       |     1 |       |     2 ||     3
       Brothers in Arms  |       |       |       |     1 ||     1
Evoke: Tin of tremorston |       |       |       |     2 ||     2
  Use: Scroll            |     2 |     3 |     7 |     5 ||    17
       Potion            |       |       |     1 |     2 ||     3
Armor: Animal skin       |     7 |       |       |       ||     7
       Ring mail         |    14 |    77 |    20 |       ||   111
       Plate armour      |       |       |   217 |   273 ||   490
Dodge: Dodged            |    69 |    67 |   132 |   175 ||   443
Block: Kite shield       |       |       |       |    42 ||    42

Table legend: (Time is in decaauts)
 A = Elapsed time spent in this place.
 B = Non-inter-level travel time spent in this place.
 C = Inter-level travel time spent in this place.
 D = Time resting spent in this place.
 E = Time spent auto-exploring this place.
 F = Levels seen in this place.
 G = Mean time per level.
                   A        B        C        D        E       F      G
               +--------+--------+--------+--------+--------+-----+--------+
         Total |  15132 |  14663 |    469 |   1430 |  10981 |  13 | 1164.0 |
       Dungeon |  11268 |  10896 |    372 |    553 |   8533 |  10 | 1126.8 |
          Lair |   3864 |   3768 |     96 |    877 |   2447 |   3 | 1288.0 |
               +--------+--------+--------+--------+--------+-----+--------+

Top non-repeatable levels by time:
  Lair:2: 2216 daAuts
     D:9: 1977 daAuts
     D:7: 1735 daAuts
  Lair:1: 1567 daAuts
    D:10: 1179 daAuts
     D:8: 1143 daAuts
     D:6: 1060 daAuts
     D:5: 1007 daAuts
     D:2: 913 daAuts
     D:4: 755 daAuts
     D:1: 752 daAuts
     D:3: 742 daAuts
  Lair:3: 80 daAuts
